 Dungeon Crawl Stone Soup version 0.28-a0-653-g7e9dba17c3 (webtiles) character file.

Game seed: 1973996774013450298

217 sanka the Distorting Palentonga (level 5, -7/64 HPs)
             Began as a Palentonga Abyssal Knight on Oct 11, 2021.
             Was a Believer of Lugonu.
             Mangled by a mummy (8 damage)
             ... in an ossuary.
             The game lasted 00:05:47 (2764 turns).

sanka the Distorting Palentonga (PaAK)              Turns: 2764, Time: 00:05:48

Health: -7/64      AC: 22    Str: 17    XL:     5   Next: 61%
Magic:  9/9        EV:  1    Int: 10    God:    Lugonu [**....]
Gold:   130        SH:  0    Dex: 11    Spells: 4/4 levels left

rFire   . . .      SeeInvis +   (no weapon)
rCold   . . .      Faith    .   (no shield)
rNeg    . . .      Spirit   .   (armour currently unavailable)
rPois   +          Reflect  .   (helmet currently unavailable)
rElec   .          Harm     .   (cloak currently unavailable)
rCorr   +          Rampage  .   (gloves currently unavailable)
Will    .....      NoTele   +   (no barding)
Stlth   +.........              (no amulet)
HPRegen 0.20/turn               (no ring)
MPRegen 0.11/turn               l - ring of resist corrosion

@: tree-form
A: stationary, stasis, torment immunity, boosted hp, large, rugged brown scales
3, see invisible, (deformed body), (roll 1), (armoured tail)
a: Renounce Religion, Depart the Abyss, Bend Space


You were in an ossuary.
You worshipped Lugonu.
Lugonu was pleased with you.
You were a tree.
You visited 1 branch of the dungeon, and saw 4 of its levels.
You visited the Abyss 1 time.
You also visited: Ossuary.

You collected 130 gold pieces.


Innate Abilities, Weirdness & Mutations

You are a tree.
Your roots penetrate the ground, keeping you stationary.
You cannot be teleported.
You are immune to unholy pain and torment.
Your maximum health is greatly increased.
Your equipment is partially melded.
(You are completely covered in rugged brown scales. (AC +3, +7% HP))
You have supernaturally acute eyesight. (SInv)
((Armour fits poorly on your strangely shaped body.))
((You can roll at nearby foes to attack.))
((You have a long armoured tail.))


   Skills:
 - Level 3.0 Fighting
 - Level 2.0 Axes
 - Level 1.5 Armour
 - Level 0.7 Dodging
 + Level 6.5 Invocations


You had 4 spell levels left.
You didn't know any spells.
Your spell library was empty.

Inventory:

Hand Weapons
 a - a +1 hand axe
Armour
 b - a +0 leather armour (melded)
Jewellery
 l - a ring of resist corrosion (right branch)
Scrolls
 c - 6 scrolls of identify {unknown}
 f - a scroll of teleportation {unknown}
 h - 2 scrolls of fog {unknown}
 i - a scroll of silence {unknown}
 j - a scroll of amnesia {unknown}
 k - a scroll of noise {unknown}
 n - a scroll of enchant weapon {unknown}
Potions
 d - a potion of might {unknown}
 m - a potion of haste {unknown}

Dungeon Overview and Level Annotations

Branches:
Dungeon (4/15)            Ossuary (1/1)
 Temple: D:4-7

Altars:
Cheibriados

Annotations:
D:3 Grinder, Ijyb

▒.......▒
▒▒...∩...▒▒
+...∩∩∩...+
▒▒...∩...▒▒
▒...Z...▒
▒▒.....▒▒
▒▒▒Z▒▒▒ ▒+▒
▒♣▒ ▒.ZMZ.▒
▒...Z...▒
▒.......▒
▒.......▒
▒▒.....▒▒
▒▒▒.▒▒▒ ▒▒▒


You could see a mummy, a centaur zombie and 2 human zombies.


Message History

You hit the centaur zombie.
The centaur zombie is almost destroyed.
The centaur zombie hits you but does no damage.
The centaur zombie kicks you but does no damage.
The human zombie barely misses you.
The centaur zombie hits you but does no damage.
The centaur zombie kicks you but does no damage.
Unknown command.
You smack the centaur zombie!
You destroy the centaur zombie!
Lugonu accepts your kill.
The centaur zombie hits you but does no damage.
The centaur zombie kicks you but does no damage.
The human zombie hits you but does no damage.
Unknown command.
You hit the mummy but do no damage. The human zombie hits you.
* * * LOW HITPOINT WARNING * * *
You hit the mummy.
The mummy is lightly damaged.
The centaur zombie hits you but does no damage.
The centaur zombie kicks you but does no damage.
The human zombie hits you but does no damage.
Unknown command.
You hit the mummy.
The mummy is moderately damaged.
The centaur zombie hits you but does no damage.
The centaur zombie kicks you but does no damage.
The mummy hits you!
You die...

Action                   |  1- 3 |  4- 6 || total
-------------------------+-------+-------++-------
Melee: Hand axe          |   110 |    57 ||   167
       Tailslap          |    12 |    11 ||    23
       Unarmed           |       |    11 ||    11
Invok: Depart the Abyss  |     1 |       ||     1
 Abil: Rolling Charge    |    17 |     2 ||    19
  Use: Potion            |       |     3 ||     3
Armor: Leather armour    |    39 |    12 ||    51
       Skin              |       |    51 ||    51
Dodge: Dodged            |    47 |    30 ||    77

Levels and vault maps discovered:
D:1:      matt_arrival_grand_opening, layout_loops_ring,
          hellmonk_ecumenical_altar_inner_sanctum
D:2:      layout_basic, basic_altar, minmay_misc_feat_encased, st_stairs_11
D:3:      layout_basic, slow_altar_1, minmay_tree_intersection,
          chequers_mini_garden, kennysheep_generic_room_13, uniq_robin,
          uniq_grinder, uniq_ijyb
D:4:      layout_loops_cross, serial_shops, shop, enter_ossuary_4, uniq_sigmund
Ossuary:  ossuary_minmay_four_chambers

Notes
Turn   | Place    | Note
-------+----------+-------------------------------------------
     0 | Abyss:1  | sanka the Palentonga Abyssal Knight began the quest for the
                  | Orb.
     0 | Abyss:1  | Reached XP level 1. HP: 19/19 MP: 2/2
    41 | Abyss:1  | Noticed a water elemental
    59 | Abyss:1  | Noticed a green very ugly thing
    68 | Abyss:1  | Noticed a worldbinder
    68 | Abyss:1  | Noticed a small abomination
    70 | Abyss:1  | Noticed a freezing wraith
    70 | Abyss:1  | Noticed a necromancer
    70 | D:1      | Escaped the Abyss
   348 | D:1      | Reached * piety under Lugonu
   349 | D:1      | Reached XP level 2. HP: 25/25 MP: 4/4
   468 | D:1      | Reached skill level 3 in Invocations
   731 | D:1      | Found a faded altar of an unknown god.
  1106 | D:2      | Reached XP level 3. HP: 26/31 MP: 5/5
  1222 | D:2      | Reached skill level 4 in Invocations
  1367 | D:2      | Found a snail-covered altar of Cheibriados.
  1797 | D:2      | Reached ** piety under Lugonu
  2077 | D:3      | Reached XP level 4. HP: 37/37 MP: 7/7
  2145 | D:3      | Noticed Grinder
  2236 | D:3      | Found a snail-covered altar of Cheibriados.
  2239 | D:3      | Noticed Ijyb
  2410 | D:4      | Noticed a black bear
  2439 | D:4      | Killed a black bear
  2440 | D:4      | Reached skill level 6 in Invocations
  2440 | D:4      | Reached XP level 5. HP: 5/43 MP: 7/9
  2541 | D:4      | Found a sand-covered staircase.
  2548 | Ossuary  | Entered an ossuary
  2729 | Ossuary  | HP: 2/43 [mummy (9)]
  2739 | Ossuary  | HP: 3/43 [elf zombie (2)]
  2751 | Ossuary  | HP: 3/43 [centaur zombie (2)]
  2756 | Ossuary  | HP: 1/64 [centaur zombie (4)]
  2762 | Ossuary  | HP: 1/64 [human zombie (1)]
  2764 | Ossuary  | Mangled by a mummy

Vanquished Creatures
  A black bear (D:4)
  A centaur zombie (Ossuary)
  A mummy (Ossuary)
  2 adders (D:2)
  3 worms
  2 orcs
  4 endoplasms
  8 goblins
  10 hobgoblins
  A quokka (D:1)
  3 ball pythons
  4 bats
  2 frilled lizards
  9 kobolds
  4 rats
55 creatures vanquished.
